 Dungeon Crawl Stone Soup version 0.32-a0-913-g739538afd8 (webtiles) character file.

Game seed: 14871513413543012125

7359 smashvw the Severer (level 10, -1/84 HPs)
             Began as a Minotaur Fighter on Apr 10, 2024.
             Was a Priest of Yredelemnul.
             Killed from afar by Erica (16 damage)
             ... with a bolt of poison
             ... on level 10 of the Dungeon.
             The game lasted 00:16:32 (8901 turns).

smashvw the Severer (Minotaur Fighter)              Turns: 8901, Time: 00:16:32

Health: -1/84      AC: 14    Str: 22    XL:     10   Next: 91%
Magic:  2/12       EV:  5    Int:  7    God:    Yredelemnul [***...]
Gold:   599        SH:  5    Dex: 11    Spells: 9/9 levels left

rFire   + . .        a - +1 war axe
rCold   + . .        c - +0 buckler
rNeg    . . .        D - +0 plate armour
rPois   .            (helmet restricted)
rElec   .            (no cloak)
rCorr   .            (no gloves)
SInv    .            o - +0 pair of boots
Will    .....        (no amulet) Stlth
                     q - ring of protection from cold
HPRegen 0.34/turn    w - ring of protection from fire
MPRegen 0.13/turn

%: no passive effects
@: lethally poisoned (-1 -> -29), slowed, wreathed by umbra, very slow
A: horns 2, retaliatory headbutt
a: Renounce Religion, Light the Black Torch, Recall Undead Harvest, Hurl
Torchlight


You were on level 10 of the Dungeon.
You worshipped Yredelemnul.
Yredelemnul was noncommittal.
You visited 1 branch of the dungeon, and saw 10 of its levels.

You collected 632 gold pieces.
You spent 33 gold pieces at shops.

Inventory:

Hand Weapons
 a - a +1 war axe (weapon)
 K - the +4 falchion of Contradiction {flame, Stlth+}
   (You found it on level 9 of the Dungeon)

   Stlth+:    It makes you more stealthy.
Missiles
 x - a throwing net (quivered)
Armour
 b - a +0 scale mail
 c - a +0 buckler (worn)
 o - a +0 pair of boots (worn)
 D - a +0 plate armour (worn)
 G - a +0 kite shield
Jewellery
 e - a ring of protection from fire
 q - a ring of protection from cold (left hand)
 s - a ring of fire
 w - a ring of protection from fire (right hand)
 J - a ring of protection from fire
Wands
 z - a wand of flame (17)
 E - a wand of polymorph (7)
 M - a wand of charming (5)
Scrolls
 g - a scroll of brand weapon
 k - 2 scrolls of poison
 m - 2 scrolls of fear
 n - 5 scrolls of teleportation
 r - a scroll of amnesia
 t - 3 scrolls of enchant weapon
 v - 2 scrolls of noise
 y - a scroll of enchant armour
 A - a scroll of blinking
 F - a scroll of fog
 I - 2 scrolls of immolation
 L - a scroll of vulnerability {unknown}
Potions
 d - a potion of might
 f - 2 potions of berserk rage
 h - 4 potions of attraction
 i - 4 potions of mutation
 l - 5 potions of brilliance
 p - a potion of heal wounds
 u - a potion of ambrosia
 B - a potion of resistance
 C - a potion of degeneration
 H - a potion of cancellation {unknown}


   Skills:
 + Level 6.7 Fighting
 + Level 15.9 Axes
 + Level 6.7 Armour
 + Level 8.1 Shields
 + Level 4.4 Invocations


You had 9 spell levels left.
You didn't know any spells.
Your spell library contained the following spells:

 Spells                   Type           Power      Damage    Failure   Level
 Inner Flame              Hex/Fire       0%         N/A       100%        3
 Flame Wave               Conj/Fire      0%         2d4       100%        4
 Sticky Flame             Fire/Alch      0%         2d4       100%        4


Dungeon Overview and Level Annotations

Branches:
Dungeon (10/15)            Temple (0/1) D:6            Lair (0/5) D:8
    Orc: D:9-12

Altars:
Cheibriados
Hepliaklqana
Kikubaaqudgha
Nemelex Xobeh
Okawaru
Trog
Uskayaw
Yredelemnul
The Shining One

Shops:
D:2 *::

Annotations:
D:9 2 transporters, timneilson's ghost, novice DjCj
D:10 Erica


Innate Abilities, Weirdness & Mutations

You have a pair of horns on your head.
You reflexively headbutt those who attack you in melee.


Message History

Erica screams, "Your blood will spurt and your skin will burst!"
Erica hits your orc wizard zombie with a +0 scimitar of flaming!
Erica burns your orc wizard zombie.
Aiming: Hurl Torchlight
Press: ? - help, Shift-Dir - straight line, f - Erica
Aim: Erica, wielding a +0 scimitar of flaming and wearing an amulet of magic regeneration (moderately wounded, ally target)
Okay, then.
You swap places.
Your orc wizard zombie hits Erica.
Your orc zombie hits Erica.
Erica stares at you and mumbles some strange words.
The bolt of poison hits your orc wizard zombie.
Your orc wizard zombie completely resists.
The bolt of poison hits you!!
You are poisoned.
* * * LOW HITPOINT WARNING * * *
Your orc wizard zombie barely misses Erica.
Aiming: Hurl Torchlight
Press: ? - help, Shift-Dir - straight line, f - Erica
Aim: Erica, wielding a +0 scimitar of flaming and wearing an amulet of magic regeneration (heavily wounded, ally target, umbra)
The gout of umbral fire explodes!
The umbral torchlight engulfs your orc zombie.
Your orc zombie is severely damaged.
Your orc zombie is empowered.
The umbral torchlight engulfs you but does no damage.
The umbral torchlight engulfs Erica!!
Erica is severely wounded.
The umbral torchlight engulfs your orc wizard zombie.
Your orc wizard zombie is severely damaged.
Your orc wizard zombie is empowered.
* * * LOW HITPOINT WARNING * * *
You feel extremely sick.
Your orc wizard zombie closely misses Erica.
Your orc zombie hits Erica.
Erica stares at you and mumbles some strange words.
The bolt of poison hits your orc wizard zombie.
Your orc wizard zombie completely resists.
The bolt of poison hits you!
You are lethally poisoned!
You die...
Erica begins burbling mirthfully and uncontrollably.
Your body rises from the dead as a mindless zombie.

##W##..##
#.#
#'##.##
#Z# #.##.#
#Z# #....#
#Z# ####.#
#Z# #.#
#Z# ..#
#.# ###
##.#####
#...Z@Z###
#.#.##Zx.#
###+####Z#
+.# #.#
#.# #.#
+.# #.#


You could see Erica (ally target), a friendly orc zombie (strong), 2 friendly
orc wizard zombies and a friendly howler monkey zombie.

Vanquished Creatures
  Pikel (D:4)
  An ugly thing (D:8)
  A komodo dragon (D:8)
  A hornet (D:8)
  9 yaks (D:9)
  Grum (D:10)
  A steam dragon (D:7)
  Duvessa (D:7)
  A water moccasin (D:6)
  A black bear (D:6)
  An ice beast (D:8)
  2 orc warriors (D:8)
  2 wolves (D:10)
  An ogre (D:5)
  A centaur (D:9)
  2 lemures (D:4)
  4 bullfrogs
  A gnoll sergeant (D:8)
  A scorpion (D:6)
  5 wights
  Dowan (D:7)
  6 killer bees (D:9)
  3 howler monkeys
  A bombardier beetle (D:4)
  5 orc priests
  A gnoll bouda (D:6)
  4 iguanas
  5 orc wizards
  Robin (D:4)
  10 gnolls
  5 adders
  2 white imps
  3 ribbon worms
  2 dart slugs (D:1)
  13 orcs
  An endoplasm (D:1)
  2 giant cockroaches
  15 goblins
  10 hobgoblins
  2 jackals (D:3)
  6 quokkas
  4 ball pythons
  4 bats
  A frilled lizard (D:1)
  12 kobolds
157 creatures vanquished.

Vanquished Creatures (collateral kills)
  Joseph (D:9)
  A hornet (D:7)
  3 yaks (D:9)
  A water moccasin (D:6)
  An orc warrior (D:8)
  A black bear (D:8)
  An ice beast (D:6)
  A kobold brigand (D:6)
  3 wights
  3 killer bees (D:9)
  2 howler monkeys
  A gnoll bouda (D:6)
  An orc priest (D:8)
  An orc wizard (D:10)
  6 gnolls
  A ribbon worm (D:5)
  10 orcs
  A goblin (D:4)
  A bat (D:3)
  2 kobolds
42 creatures vanquished.

Vanquished Creatures (others)
  A yak zombie (D:9)
  A wolf zombie (D:10)
  A bullfrog zombie (D:9)
  A centaur zombie (D:9)
  A human zombie (D:9)
  3 killer bee zombies (D:9)
  2 howler monkey zombies
  An elf zombie (D:7)
  A gnoll zombie (D:6)
  4 goblin zombies (D:4)
  2 hobgoblin zombies (D:4)
  3 kobold zombies
  6 orc zombies
27 creatures vanquished.

Grand Total: 226 creatures vanquished

Notes
Turn   | Place    | Note
-------+----------+-------------------------------------------
     0 | D:1      | smashvw the Minotaur Fighter began the quest for the Orb.
     0 | D:1      | Reached XP level 1. HP: 19/19 MP: 0/0
   256 | D:1      | Reached XP level 2. HP: 21/26 MP: 1/1
   316 | D:1      | Reached skill level 3 in Axes
   690 | D:2      | Reached XP level 3. HP: 29/31 MP: 2/2
   895 | D:2      | Found Hudewkul's Book Shop.
  1003 | D:2      | Found Uskokyqe's Book Shop.
  1057 | D:2      | Found Ofeokhli's General Store.
  1074 | D:2      | Bought a scroll of teleportation for 33 gold pieces
  1225 | D:3      | Found a basalt altar of Yredelemnul.
  1231 | D:3      | Became a worshipper of Yredelemnul the Fallen
  1388 | D:3      | Reached skill level 4 in Axes
  1686 | D:3      | Found a snail-covered altar of Cheibriados.
  1694 | D:3      | Reached skill level 5 in Shields
  1694 | D:3      | Reached XP level 4. HP: 28/39 MP: 3/3
  2055 | D:4      | Found a sparkling altar of Nemelex Xobeh.
  2058 | D:4      | Noticed Robin
  2068 | D:4      | Killed Robin
  2068 | D:4      | Reached * piety under Yredelemnul
  2197 | D:4      | Found a bloodstained altar of Trog.
  2272 | D:4      | Reached XP level 5. HP: 13/45 MP: 4/4
  2461 | D:4      | Found a glowing golden altar of the Shining One.
  2509 | D:4      | Noticed Pikel
  2509 | D:4      | Noticed a lemure
  2509 | D:4      | Noticed a lemure
  2509 | D:4      | Noticed a lemure
  2513 | D:4      | Noticed a lemure
  2519 | D:4      | Your ally Robin died
  2526 | D:4      | Killed a lemure
  2528 | D:4      | Killed a lemure
  2528 | D:4      | HP: 2/45 [Pikel/+0 whip of freezing (1)]
  2529 | D:4      | Killed Pikel
  2530 | D:4      | Reached skill level 8 in Axes
  2530 | D:4      | Reached XP level 6. HP: 3/51 MP: 5/5
  2530 | D:4      | Reached XP level 7. HP: 3/57 MP: 6/6
  3069 | D:5      | Entered Level 5 of the Dungeon
  3565 | D:5      | Found a hide-covered altar of Uskayaw.
  3572 | D:5      | Reached skill level 9 in Axes
  4110 | D:6      | Found a staircase to the Ecumenical Temple.
  4136 | D:6      | Reached skill level 10 in Axes
  4176 | D:6      | Reached ** piety under Yredelemnul
  4181 | D:6      | Reached XP level 8. HP: 64/64 MP: 7/7
  4347 | D:6      | Reached skill level 11 in Axes
  4530 | D:6      | Found an ancient bone altar of Kikubaaqudgha.
  4685 | D:6      | Reached skill level 12 in Axes
  4937 | D:7      | Noticed a hornet
  4953 | D:7      | Killed a hornet
  5088 | D:7      | Found a hazy altar of Hepliaklqana.
  5131 | D:7      | Noticed Duvessa
  5132 | D:7      | Noticed Dowan
  5142 | D:7      | Killed Duvessa
  5143 | D:7      | Reached skill level 13 in Axes
  5146 | D:7      | Killed Dowan
  5147 | D:7      | Reached XP level 9. HP: 24/70 MP: 8/8
  5567 | D:7      | Your ally Duvessa died
  5785 | D:8      | Reached skill level 14 in Axes
  6029 | D:8      | Reached skill level 15 in Axes
  6067 | D:8      | Reached *** piety under Yredelemnul
  6180 | D:8      | Found an iron altar of Okawaru.
  6247 | D:8      | Noticed a komodo dragon
  6256 | D:8      | Killed a komodo dragon
  6257 | D:8      | Reached skill level 1 in Invocations
  6406 | D:8      | Found a staircase to the Lair.
  6530 | D:8      | Noticed a green ugly thing
  6544 | D:8      | Killed a green ugly thing
  6545 | D:8      | Reached XP level 10. HP: 57/80 MP: 10/10
  6944 | D:9      | Noticed Joseph
  6958 | D:9      | Killed Joseph
  6959 | D:9      | Reached skill level 5 in Fighting
  6959 | D:9      | Reached skill level 5 in Armour
  6961 | D:9      | Identified the +4 falchion of Contradiction {flame, Stlth+}
  7249 | D:9      | Your ally Joseph died
  7470 | D:9      | Reached **** piety under Yredelemnul
  7868 | D:9      | Noticed an ice dragon
  7877 | D:9      | Noticed timneilson's ghost (novice DjCj)
  7886 | D:9      | Found a transporter.
  8076 | D:9      | Noticed a moth of wrath
  8082 | D:9      | Found a transporter.
  8088 | D:9      | Found the +8 mithril axe "Arga" {speed, Will+}
  8651 | D:10     | Entered Level 10 of the Dungeon
  8738 | D:10     | Noticed Grum
  8749 | D:10     | Killed Grum
  8875 | D:10     | Noticed Erica
  8885 | D:10     | HP: 4/84 [poisoned by Erica (bolt of poison)]
  8901 | D:10     | Killed from afar by Erica

Illustrated notes

Levels and vault maps discovered:
D:1:      elethiomel_arrival_maze, layout_rooms
D:2:      layout_rooms, serial_shops, nicolae_shop_advertising_works
          [nicolae_subvault_shop_adworks], nicolae_shop_trees, shop,
          guppyfry_early_lair_pool
D:3:      layout_loops_cross, old_standard_altar, mainiacjoe_overflow_brackets,
          skrybe_limestone_x, chequers_serial_rivers_micro_e,
          nicolae_kite_square_tiling_tiny
D:4:      layout_basic, old_standard_altar, trog_three_pillars_becter,
          nicolae_tso_carved_into_rock, uniq_robin, uniq_pikel
D:5:      layout_loops_ring, lemuel_round_altar
D:6:      layout_rooms, lemuel_coloured_pillars_altar,
          minmay_temple_entry_statues_fountains, minmay_pentangle
D:7:      layout_loops_ring, mainiacjoe_overflow_paths, uniq_duvessa
D:8:      layout_gridville, hellmonk_okawaru_the_only_friend_you_need,
          david_lair_shrubbed, st_stairs_6, dk_noncrumbling_3
D:9:      layout_cave_pods, gammafunk_ghost_berserking_beasts,
          kennysheep_pointless_box, moated_statue, roderic_lattice_a,
          nicolae_elevator_lobby_plus, uniq_joseph
D:10:     layout_loops_ring, mainiacjoe_overflow_six_doors_small,
          nicolae_hexahallways, minmay_hedge_maze, uniq_erica, uniq_grum

Skill      XL: |  1  2  3  4  5  6  7  8  9 10 |
---------------+-------------------------------+-----
Shields        | 4 5 6 8 |  8.1
Axes           | 3 4 8 10 13 15 | 15.9
Fighting       | 4 6 |  6.7
Armour         | 4 6 |  6.7
Invocations    | 2 4 |  4.4

Action                     |  1- 3 |  4- 6 |  7- 9 | 10-12 || total
---------------------------+-------+-------+-------+-------++-------
  Melee: War axe           |    84 |    33 |   223 |   147 ||   487
         Headbutt          |     7 |     8 |    52 |    16 ||    83
 Invoke: Light the Black T |     1 |     1 |     4 |     2 ||     8
         Hurl Torchlight   |       |       |       |     2 ||     2
         Bind Soul         |       |       |       |     1 ||     1
    Use: Potion            |       |     1 |       |     4 ||     5
         Scroll            |       |       |    17 |     2 ||    19
   Stab: Distracted        |       |       |     4 |     1 ||     5
 Armour: Scale mail        |    53 |    36 |   102 |       ||   191
         Plate armour      |       |       |    51 |   114 ||   165
  Dodge: Dodged            |    31 |    18 |    80 |    31 ||   160
  Block: Buckler           |    23 |    14 |    39 |    31 ||   107

Table legend: (Time is in decaauts)
 A = Elapsed time spent in this place.
 B = Non-inter-level travel time spent in this place.
 C = Inter-level travel time spent in this place.
 D = Time resting spent in this place.
 E = Time spent auto-exploring this place.
 F = Levels seen in this place.
 G = Mean time per level.
                   A        B        C        D        E       F      G
               +--------+--------+--------+--------+--------+-----+--------+
         Total |   8892 |   8683 |    209 |    175 |   7444 |  10 |  889.2 |
       Dungeon |   8892 |   8683 |    209 |    175 |   7444 |  10 |  889.2 |
               +--------+--------+--------+--------+--------+-----+--------+

Top non-repeatable levels by time:
     D:9: 1722 daAuts
     D:8: 1111 daAuts
     D:4: 1039 daAuts
     D:5: 960 daAuts
     D:3: 894 daAuts
     D:7: 888 daAuts
     D:6: 845 daAuts
     D:1: 692 daAuts
     D:2: 484 daAuts
    D:10: 253 daAuts
